 Seeded DCSS version 0.31-a0-4-gefa6de2278 (webtiles) character file.

Game seed: 9909445277333701623 (custom seed)

40 Pimp the Chiller (level 3, -3/25 HPs)
             Began as a Demonspawn Ice Elementalist on May 3, 2023.
             Slain by a gnoll
             ... wielding a +0 halberd
              (14 damage)
             ... on level 2 of the Dungeon.
             The game lasted 00:02:35 (700 turns).

Pimp the Chiller (Demonspawn Ice Elementalist)       Turns: 700, Time: 00:02:35

Health: -3/25      AC:  4    Str: 11    XL:     3   Next: 30%
Magic:  6/6        EV: 12    Int: 22    God:
Gold:   13         SH:  4    Dex: 15    Spells: 5/6 levels left

rFire   . . .        d - +10 quick blade of Prudence {flame, rC+ rCorr Str+3 Int+6}
rCold   + . .        (no shield)
rNeg    . . .        a - +0 robe
rPois   .            (no helmet)
rElec   .            (no cloak)
rCorr   +            (no gloves)
SInv    .            (no boots)
Will    .....        (no amulet)
Stlth   ++           (no ring)
HPRegen 0.24/turn    (no ring)
MPRegen 0.10/turn

%: no passive effects
@: no status effects
A: icy blue scales 1, condensation shield, mutation resistance 1
a: no special abilities


You were on level 2 of the Dungeon.
You visited 1 branch of the dungeon, and saw 2 of its levels.

You collected 13 gold pieces.

Inventory:

Hand Weapons
 d - the +10 quick blade of Prudence (weapon) {flame, rC+ rCorr Str+3 Int+6}
   (You acquired it on level 1 of the Dungeon)

   Str:       It affects your strength (+3).
   Int:       It affects your intelligence (+6).
   rC:        It protects you from cold.
   rCorr:     It protects you from acid and corrosion.
Armour
 a - a +0 robe (worn)
 h - a +0 scale mail
Jewellery
 c - a ring of willpower
Scrolls
 e - a scroll of noise {unknown}
 g - a scroll of identify {unknown}
Potions
 b - a potion of magic
 i - a potion of cancellation {unknown}
 j - a potion of ambrosia {unknown}


   Skills:
 + Level 0.8 Fighting
 + Level 0.7 Short Blades
 + Level 2.1 Dodging
 + Level 2.2 Stealth
 + Level 2.3 Spellcasting
 + Level 3.8 Ice Magic


You had 5 spell levels left.
You knew the following spells:

 Your Spells              Type           Power      Damage    Failure   Level
a - Freeze                Ice            76%        1d8       2%          1

Your spell library contained the following spells:

 Spells                   Type           Power      Damage    Failure   Level
 Frozen Ramparts          Ice            38%        1d6       9%          3
 Ozocubu's Armour         Ice            19%        N/A       9%          3
 Summon Ice Beast         Ice/Summ       11%        N/A       52%         4


Dungeon Overview and Level Annotations

Branches:
Dungeon (2/15)

Altars:


Innate Abilities, Weirdness & Mutations

You are partially covered in icy blue scales. (AC +2)
A meltable shield of frost defends you. (SH +4)
You are somewhat resistant to further mutation.


Message History

You open the door. 3 jackals come into view.
The jackal barks!
Found 7 gold pieces and a sling.
A gnoll comes into view. It is wielding a +0 spear.
A gnoll comes into view. It is wielding a +0 halberd.
There is an open door here.
The gnoll shouts!
The jackal barks!
You hear a shout!
A gnoll comes into view.
It is wielding a +0 flail of holy wrath.
An adder comes into view.
The jackal bites you. The jackal closely misses you.
There is an open door here.
The jackal attacks as you move away! The jackal barely misses you.
You barely miss the jackal. The jackal misses you.
You miss the jackal. The jackal bites you.
You puncture the jackal! You burn the jackal.
You kill the jackal!
You barely miss the jackal. The jackal bites you.
You puncture the jackal! You burn the jackal.
You kill the jackal!
You barely miss the jackal. The jackal misses you.
The jackal bites you but does no damage.
You puncture the jackal! You burn the jackal.
You kill the jackal!
The gnoll closely misses you. The gnoll hits you with a +0 halberd!
Ouch! That really hurt!
You closely miss the gnoll. The gnoll closely misses you.
You block the gnoll's attack.
You hit the gnoll. You burn the gnoll.
The gnoll is heavily wounded.
You barely miss the gnoll.
The gnoll is heavily wounded.
The gnoll barely misses you. x2
The gnoll barely misses you.
It was a potion of mutation.
You feel extremely strange.
You feel genetically stable.
The gnoll hits you from afar with a +0 halberd!
Ouch! That really hurt!
You die...

#.# #.# #.#.# #.# #.# #.#.#
#.#####.# #.#.# #.#.....#
#.#.# ###.#.#####.# #.#.#
....†.......# #.#.#########
.....>####### #...........#
###.#.#############.#######.#
#.......gS.gg.@.#.# #..†..#
###.###########.#.# #.#####
#.# .#.# #†<# #g# .#.# #..#
.....Sg.# .#.# #..# ........#
.#.# ...# ..........
.#.##..## ...)....... .# ....
#####+#...... #####


You could see 3 gnolls and an adder.

Vanquished Creatures
  2 endoplasms (D:1)
  2 giant cockroaches (D:1)
  5 goblins (D:1)
  10 hobgoblins (D:1)
  3 jackals (D:2)
  3 ball pythons (D:1)
  3 bats
  A kobold (D:1)
  4 rats
33 creatures vanquished.

Notes
Turn   | Place    | Note
-------+----------+-------------------------------------------
     0 | D:1      | Pimp the Demonspawn Ice Elementalist began the quest for
                  | the Orb.
     0 | D:1      | Reached XP level 1. HP: 13/13 MP: 3/3
   209 | D:1      | Identified a scroll of acquirement
   209 | D:1      | Acquired the +10 quick blade of Prudence {flame, rC+ rCorr
                  | Str+3 Int+6}
   219 | D:1      | Gained mutation: You are partially covered in icy blue
                  | scales. (AC +2) [demonic ancestry]
   219 | D:1      | Reached XP level 2. HP: 19/19 MP: 5/5
   552 | D:1      | Gained mutation: A meltable shield of frost defends you.
                  | (SH +4) [demonic ancestry]
   552 | D:1      | Reached XP level 3. HP: 23/25 MP: 6/6
   700 | D:2      | Gained mutation: You are somewhat resistant to further
                  | mutation. [potion of mutation]
   700 | D:2      | Slain by a gnoll

Illustrated notes

Levels and vault maps discovered:
D:1:      psy_arrival_radial01, layout_rooms, chequers_hall_statues_wall_a,
          supply_closet_lemuel
D:2:      layout_basic, hellmonk_ecumenical_altar_arch_garden

Skill      XL: |  1  2 |
---------------+-------+-----
Stealth        | 2 |  2.2
Dodging        | 2 |  2.1
Fighting       | |  0.8
Short Blades   | |  0.7
Spellcasting   | |  2.3
Ice Magic      | |  3.8

Action                     || total
---------------------------++-------
  Melee: Unarmed           ||    21
         Quick blade       ||    41
   Cast: Freeze            ||     7
    Use: Scroll            ||     1
         Potion            ||     1
   Stab: Sleeping          ||     5
 Armour: Robe              ||    13
  Dodge: Dodged            ||    37
  Block: Other             ||     1

Table legend: (Time is in decaauts)
 A = Elapsed time spent in this place.
 B = Non-inter-level travel time spent in this place.
 C = Inter-level travel time spent in this place.
 D = Time resting spent in this place.
 E = Time spent auto-exploring this place.
 F = Levels seen in this place.
 G = Mean time per level.
                   A        B        C        D        E       F      G
               +--------+--------+--------+--------+--------+-----+--------+
         Total |    686 |    673 |     13 |     46 |    414 |   2 |  343.0 |
       Dungeon |    686 |    673 |     13 |     46 |    414 |   2 |  343.0 |
               +--------+--------+--------+--------+--------+-----+--------+

Top non-repeatable levels by time:
     D:1: 601 daAuts
     D:2: 85 daAuts
